 Dungeon Crawl Stone Soup version 0.18.1-48-g4cf74bf (webtiles) character file.

6589 Jerry the Spear-Bearer (level 11, -6/72 HPs)
             Began as a Merfolk Gladiator on July 13, 2016.
             Was a Believer of Kikubaaqudgha.
             Mangled by a death yak simulacrum (14 damage)
             ... in an ice cave.
             The game lasted 00:47:38 (8785 turns).

Jerry the Spear-Bearer (Merfolk Gladiator)          Turns: 8785, Time: 00:47:42

Health: -6/72      AC: 10    Str: 17 (18) XL:     11   Next: 2%
Magic:  13/13      EV: 19    Int: 15 (16) God:    Kikubaaqudgha [**....]
Gold:   698        SH:  0    Dex: 10 (14) Spells: 1 memorised, 12 levels left

rFire  . . .     SeeInvis .     i - +2 halberd (flame)
rCold  . . .     Gourm    .     N - +0 troll leather armour
rNeg   . . .     Faith    .     (shield currently unavailable)
rPois  .         Spirit   .     C - +2 helmet {Int+3}
rElec  .         Dismiss  .     u - +2 cloak
rCorr  .         Reflect  .     (no gloves)
SustAt .         Harm     .     (no boots)
MR     .....     Clarity  +     y - amulet of magic regeneration
Stlth  +++.......               a - ring of stealth
                                q - ring of flight

@: not resistant to hostile enchantments, fairly stealthy
A: change form in water, swift swim, repulsion field 1, clarity, clever 1,
deterioration 2, strong 1, evolution 1
a: Receive Corpses, Renounce Religion, Evoke Flight


You were in an ice cave.
You worshipped Kikubaaqudgha.
Kikubaaqudgha was pleased with you.
You were not hungry.

You visited 3 branches of the dungeon, and saw 11 of its levels.
You also visited: Ice Cave.

You collected 698 gold pieces.

Inventory:

Hand Weapons
 i - a +2 halberd of flaming (weapon)
Missiles
 d - a throwing net (quivered)
Armour
 u - a +2 cloak (worn)
 C - a +2 helmet of intelligence (worn)
 N - a +0 troll leather armour (worn)
Jewellery
 a - a ring of stealth (right hand)
 q - a ring of flight (left hand)
 y - an amulet of magic regeneration (around neck)
Wands
 c - a wand of flame (11/48)
 o - a wand of flame (14/48)
 x - a wand of disintegration (10/24)
 E - a wand of confusion (18/48)
 H - a wand of paralysis (18/24)
Scrolls
 b - 3 scrolls of magic mapping
 e - 2 scrolls of identify
 g - 5 scrolls of teleportation
 k - 8 scrolls of remove curse
 s - 2 scrolls of noise
 t - 2 scrolls of recharging
Potions
 h - 2 potions of magic
 m - 5 potions of curing
 r - a potion of lignification
 w - 2 potions of might
 A - 3 potions of heal wounds
 B - 3 potions of brilliance
 I - a potion of berserk rage
Books
 F - a book of Annihilations

   Spells                             Type                      Level
   a - Poison Arrow                   Conjuration/Poison           6
   b - Chain Lightning                Conjuration/Air              8
   c - Lehudib's Crystal Spear        Conjuration/Earth            8
   d - Glaciate                       Conjuration/Ice              9
   e - Fire Storm                     Conjuration/Fire             9
 K - a book of Conjurations

   Spells                             Type                      Level
   a - Magic Dart                     Conjuration                  1
   b - Searing Ray                    Conjuration                  2
   c - Dazzling Spray                 Conjuration/Hexes            3
   d - Fulminant Prism                Conjuration/Hexes            4
   e - Iskenderun's Mystic Blast      Conjuration                  4
   f - Iskenderun's Battlesphere      Conjuration/Charms           5
 L - a book of Death

   Spells                             Type                      Level
   a - Corpse Rot                     Necromancy                   2
   b - Sublimation of Blood           Necromancy                   2
   c - Agony                          Necromancy                   5
   d - Dispel Undead                  Necromancy                   5
   e - Excruciating Wounds            Charms/Necromancy            5
   f - Bolt of Draining               Conjuration/Necromancy       5
 M - Kikubaaqudgha's Disquisition on Sinister Rites
   (Kikubaaqudgha gifted it to you on level 8 of the Dungeon)

   Spells                             Type                      Level
   a - Pain                           Necromancy                   1
   b - Corpse Rot                     Necromancy                   2
   c - Sublimation of Blood           Necromancy                   2
   d - Regeneration                   Charms/Necromancy            3
   e - Control Undead                 Necromancy                   4
Comestibles
 f - 7 bread rations
 l - 4 royal jellies
 p - 2 slices of pizza
 v - 3 fruits
 z - a beef jerky


   Skills:
 - Level 2.1 Fighting
 + Level 14.5 Polearms
 - Level 2.0 Throwing
 - Level 1.0 Armour
 + Level 13.2 Dodging
 - Level 4.0 Stealth
 - Level 1.6 Spellcasting
 + Level 5.1 Necromancy


You had 12 spell levels left.
You knew the following spells:

 Your Spells              Type           Power        Failure   Level  Hunger
a - Pain                  Necr           ###.         3%          1    ##.....


Dungeon Overview and Level Annotations

Branches:
Dungeon (9/15)             Temple (1/1) D:7             Orc (1/2) D:9
   Lair: D:8-11

Altars:
Ashenzari
Cheibriados
Dithmenos
Elyvilon
Fedhas
Gozag
Kikubaaqudgha
Makhleb
Nemelex Xobeh
Okawaru
Pakellas
Qazlal
Ru
Sif Muna
Trog
Vehumet
Xom
Yredelemnul
Zin
The Shining One
Beogh

Shops:
D:6 (

Annotations:
D:9 exclusion: statue


Innate Abilities, Weirdness & Mutations

You revert to your normal form in water.
You are very nimble and swift while swimming.
You are surrounded by a mild repulsion field (EV +2).
You possess an exceptional clarity of mind.
Your mind is acute. (Int +2)
Your body often deteriorates upon taking damage.
Your muscles are strong. (Str +2)
You evolve.


Message History

The polar bear simulacrum completely misses you. x2
The polar bear simulacrum closely misses you.
You hit the death yak simulacrum but do no damage.
You hit the death yak simulacrum but do no damage.
The death yak simulacrum gores you. The death yak simulacrum freezes you!!!
Ouch! That really hurt!
Your body deteriorates!
You feel dopey.
The polar bear simulacrum bites you but does no damage.
The polar bear simulacrum closely misses you.
The polar bear simulacrum claws you but does no damage.
Drink which item? (? for menu, Esc to quit)
You feel much better. The death yak simulacrum gores you.
The death yak simulacrum freezes you!!
Your body deteriorates!
You feel clumsy. The death yak simulacrum gores you!
* * * LOW HITPOINT WARNING * * *
Your body deteriorates!
You feel clumsy. The death yak simulacrum freezes you!
You die...
Kikubaaqudgha rasps: "You have failed me!
Welcome... death!"

#### ###
##..##
##Z.##....##
##...Z......#
#....Z@.∩.∩.#
....##Z......#
# ###....##
##..## ####


You could see 2 death yak simulacra and 2 polar bear simulacra.

Vanquished Creatures
  2 trolls
  The ghost of Alannah the Chiller, an amateur MfIE of Vehumet (D:4)
  Sigmund (D:2)
  4 yaks (D:9)
  A hungry ghost (D:9)
  Duvessa (D:7)
  2 water moccasins (D:7)
  5 orc warriors
  4 sky beasts
  2 phantoms (D:9)
  8 ice beasts (Orc:1)
  4 ogres
  6 centaurs
  4 giant frogs
  Blork the orc (D:4)
  Dowan (D:7)
  3 scorpions
  A troll zombie (D:9)
  5 killer bees (D:7)
  3 wights (D:8)
  7 howler monkeys
  A crimson imp (D:9)
  A hound (D:8)
  A jelly (D:9)
  An orc priest (Orc:1)
  9 orc wizards
  A centaur skeleton (D:6)
  A giant frog skeleton (D:8)
  Natasha (thrice) (D:2)
  Ijyb (D:2)
  4 worker ants
  2 iguanas
  2 killer bee zombies
  5 ogre zombies (D:9)
  5 gnolls
  7 adders
  A shadow imp (D:5)
  2 oozes
  An adder zombie (D:9)
  2 adder skeletons (D:7)
  A dart slug (D:3)
  8 giant geckos
  17 orcs
  7 giant cockroaches
  8 goblins
  9 hobgoblins
  6 jackals
  10 quokkas
  2 ball pythons
  A ball python skeleton (D:5)
  6 bats
  7 giant newts
  2 goblin skeletons (D:9)
  3 goblin zombies (D:9)
  A hobgoblin skeleton (D:9)
  A hobgoblin zombie (D:9)
  A jackal skeleton (D:8)
  9 kobolds
  An orc skeleton (D:9)
  11 orc zombies (D:9)
  2 quokka skeletons
  7 rats
236 creatures vanquished.

Notes
Turn   | Place    | Note
--------------------------------------------------------------
     0 | D:1      | Jerry the Merfolk Gladiator began the quest for the Orb.
     0 | D:1      | Reached XP level 1. HP: 16/16 MP: 1/1
    92 | D:1      | Reached XP level 2. HP: 11/22 MP: 2/2
   368 | D:1      | Reached skill level 5 in Polearms
   673 | D:1      | Reached XP level 3. HP: 27/27 MP: 3/3
   948 | D:1      | Reached skill level 5 in Dodging
  1058 | D:2      | Noticed Ijyb
  1061 | D:2      | Noticed Sigmund
  1074 | D:2      | Killed Ijyb
  1074 | D:2      | Reached XP level 4. HP: 33/33 MP: 4/4
  1094 | D:2      | Killed Sigmund
  1094 | D:2      | Reached skill level 7 in Polearms
  1094 | D:2      | Reached XP level 5. HP: 19/38 MP: 5/5
  1140 | D:2      | Reached XP level 6. HP: 27/44 MP: 6/6
  1197 | D:2      | Found a shadowy altar of Dithmenos.
  1199 | D:2      | Found a shattered altar of Ashenzari.
  1218 | D:2      | Noticed Natasha
  1314 | D:2      | Killed Natasha
  1388 | D:2      | Noticed Natasha
  1393 | D:2      | Killed Natasha
  1487 | D:2      | Noticed Natasha
  1490 | D:2      | Killed Natasha
  2081 | D:3      | Found a glowing silver altar of Zin.
  2084 | D:3      | Noticed an angel
  2087 | D:3      | Found a shimmering altar of Xom.
  2183 | D:3      | Reached skill level 8 in Polearms
  2439 | D:3      | Found a bloodstained altar of Trog.
  2720 | D:4      | Noticed Alannah's ghost (amateur MfIE)
  2738 | D:4      | Killed Alannah's ghost
  2738 | D:4      | Reached skill level 9 in Polearms
  2738 | D:4      | Reached XP level 7. HP: 30/50 MP: 7/7
  3304 | D:4      | Found a sparkling altar of Nemelex Xobeh.
  3397 | D:4      | Found a burning altar of Makhleb.
  3397 | D:4      | Noticed Blork the orc
  3404 | D:4      | Killed Blork the orc
  3442 | D:5      | Entered Level 5 of the Dungeon
  3594 | D:5      | Reached skill level 10 in Polearms
  3594 | D:5      | Reached XP level 8. HP: 33/56 MP: 8/8
  4686 | D:6      | Found Udiv's Antique Weapon Shoppe.
  4961 | D:6      | Reached skill level 11 in Polearms
  5020 | D:6      | Reached skill level 10 in Dodging
  5753 | D:7      | Reached skill level 12 in Polearms
  5753 | D:7      | Reached XP level 9. HP: 61/61 MP: 9/9
  5768 | D:7      | Found a staircase to the Ecumenical Temple.
  5784 | Temple   | Entered the Ecumenical Temple
  5881 | Temple   | Became a worshipper of Kikubaaqudgha
  5882 | Temple   | Gained mutation: Your mind is acute. (Int +2) [mutagenic meat]
  5883 | Temple   | Gained mutation: Your muscles are strong. (Str +2) [mutagenic meat]
  5884 | Temple   | Gained mutation: Your body sometimes deteriorates upon taking damage. [mutagenic meat]
  5885 | Temple   | Gained mutation: You are surrounded by a mild repulsion field (EV +2). [mutagenic meat]
  6065 | D:7      | Reached skill level 1 in Stealth
  6074 | D:7      | Reached skill level 1 in Spellcasting
  6310 | D:7      | Noticed Duvessa
  6317 | D:7      | Killed Duvessa
  6317 | D:7      | Reached skill level 1 in Necromancy
  6318 | D:7      | Noticed Dowan
  6322 | D:7      | Killed Dowan
  6969 | D:8      | Reached * piety under Kikubaaqudgha
  6969 | D:8      | Received a gift from Kikubaaqudgha
  6978 | D:8      | Identified Kikubaaqudgha's Disquisition on Sinister Rites (Kikubaaqudgha gifted it to you on level 8 of the Dungeon)
  7077 | D:8      | Noticed a troll
  7102 | D:8      | Killed a troll
  7102 | D:8      | Reached skill level 13 in Polearms
  7173 | D:8      | Learned a level 1 spell: Pain
  7174 | D:8      | Found an oddly glowing altar of Pakellas.
  7433 | D:8      | Reached XP level 10. HP: 67/67 MP: 12/12
  7643 | D:9      | Reached skill level 1 in Armour
  7930 | D:9      | Found a staircase to the Orcish Mines.
  8345 | D:9      | Gained mutation: Your body often deteriorates upon taking damage. [mutagenic meat]
  8346 | D:9      | Gained mutation: You evolve. [mutagenic meat]
  8347 | D:9      | Gained mutation: You possess an exceptional clarity of mind. [mutagenic meat]
  8402 | D:9      | Found a radiant altar of Vehumet.
  8443 | D:9      | Reached skill level 14 in Polearms
  8478 | D:9      | Noticed a gargoyle
  8526 | Orc:1    | Entered Level 1 of the Orcish Mines
  8594 | Orc:1    | Reached ** piety under Kikubaaqudgha
  8657 | Orc:1    | Found a roughly hewn altar of Beogh.
  8689 | Orc:1    | Found a frozen archway.
  8748 | Orc:1    | Reached skill level 5 in Necromancy
  8767 | Orc:1    | Reached XP level 11. HP: 72/72 MP: 13/13
  8779 | IceCv    | Entered an ice cave
  8785 | IceCv    | Mangled by a death yak simulacrum

Skill      XL: |  1  2  3  4  5  6  7  8  9 10 |
---------------+-------------------------------+-----
Polearms       | 5 7 9 10 12 13 14 | 14.5
Dodging        | 5 6 8 9 10 11 13 | 13.2
Stealth        | 4 |  4.0
Spellcasting   | 1 |  1.6
Necromancy     | 2 5 |  5.1
Armour         | 1 |  1.0
Fighting       | |  2.1
Throwing       | |  2.0

Action                   |  1- 3 |  4- 6 |  7- 9 | 10-12 || total
-------------------------+-------+-------+-------+-------++-------
Melee: Trident           |    32 |       |       |       ||    32
       Halberd           |    15 |   157 |   290 |   324 ||   786
Throw: Throwing net      |       |     1 |     1 |     2 ||     4
 Cast: Pain              |       |       |       |     1 ||     1
Evoke: Wand              |       |       |     7 |     4 ||    11
  Use: Potion            |       |     1 |     2 |     1 ||     4
       Scroll            |       |       |    18 |     3 ||    21
 Stab: Sleeping          |       |     5 |     7 |    11 ||    23
       Distracted        |       |     1 |     2 |     1 ||     4
       Held in net/web   |       |       |       |     1 ||     1
  Eat: Chunk             |       |     6 |    18 |     8 ||    32
       Beef jerky        |       |       |     1 |       ||     1
Armor: Leather armour    |    12 |       |       |       ||    12
       Robe              |       |    19 |    29 |       ||    48
       Scale mail        |       |       |     9 |       ||     9
       Troll leather arm |       |       |     1 |    42 ||    43
Dodge: Dodged            |    27 |   104 |   186 |   162 ||   479
